AoeStats
← wugabor

Arabia

510609032Analyzed
1v1 RM · 22h ago on Oct 1, 2026· 48m 38s· 2 players
Game mode
Random Map
Map size
Tiny (2 player)
Population
200
Speed
Normal
Resources
Standard
Victory
Conquest
Starting age
Dark Age
Ending age
Imperial Age
RankedLock teamsTeams togetherTeam positionsShared explorationLock speedFull tech treeHidden civsTurbo modeCheats
Victory
Defeat
🇭🇺 Sicilians · Hungary
1145
+15
🇦🇷 Persians · Argentina
1125
-15
=MVK=
4:27 Loom
9:39 Feudal Age
10:22 Double-Bit Axe
15:27 Fletching
20:38 Castle Age
19:26 Bloodlines
19:22 Horse Collar
19:55 Padded Archer Armor
20:51 Forging
20:31 Crossbowman
21:09 Bodkin Arrow
23:08 Light Cavalry
24:12 Pikeman
26:56 Squires
27:04 Town Watch
27:45 Scale Mail Armor
27:55 Forging
30:07 Thumb Ring
32:07 Forging
33:55 Wheelbarrow
37:26 Chain Mail Armor
43:32 Imperial Age
41:37 Ballistics
43:19 Iron Casting
46:12 Imperial Age
43:58 Hand Cart
44:42 Husbandry
44:50 Scale Barding Armor
48:15 Chemistry
46:53 Heavy Camel Rider
wugabor
9:20 Loom
11:44 Feudal Age
13:10 Double-Bit Axe
15:31 Horse Collar
21:19 Castle Age
20:04 Bloodlines
20:26 Gold Mining
22:01 Scale Barding Armor
22:07 Husbandry
24:04 Chain Barding Armor
26:58 Wheelbarrow
32:41 Hand Cart
40:59 Imperial Age
39:30 Fletching
39:51 Forging
40:10 Scale Mail Armor
41:21 First Crusade
42:13 Conscription
41:19 Cavalier
44:04 Plate Barding Armor
44:05 Iron Casting
47:14 Chain Mail Armor
46:56 Bodkin Arrow
48:04 Blast Furnace
Connection lost

Rejoining the realm…

Still unreachable

The connection could not be restored.

Session expired

The server has moved on; the page needs a fresh start.